 Dungeon Crawl Stone Soup version 0.26.0-10-g1f06aea511 (webtiles) character file.

Game seed: 6050063092921775766

38 inc the Stinger (level 3, -2/14 HPs)
             Began as a Felid Venom Mage on Feb 2, 2021.
             Slain by an adder (4 damage)
             ... on level 2 of the Dungeon.
             The game lasted 00:04:02 (1357 turns).

inc the Stinger (Felid Venom Mage)                  Turns: 1357, Time: 00:04:03

Health: -2/14      AC:  1    Str:  4    XL:     3   Next: 25%
Magic:  1/7        EV: 18    Int: 17    God:
Gold:   49         SH:  0    Dex: 16    Spells: 3/6 levels left
                                        Lives:  0   Deaths: 0

rFire    . . .     SeeInvis +   (weapon unavailable)
rCold    . . .     Faith    .   (shield unavailable)
rNeg     . . .     Spirit   .   (armour unavailable)
rPois    .         Reflect  .   (helmet unavailable)
rElec    .         Harm     .   (cloak unavailable)
rCorr    .         Rampage  .   (gloves unavailable)
Will     .....                  (boots unavailable)
Stlth    ++........             (no amulet)
HPRegen  0.04/turn              (no ring)
MPRegen  0.10/turn              (no ring)

@: lethally poisoned (-2 -> -6), flying, quick
A: very small, no armour, no weapons or thrown items, stealth, claws 1, fangs 3,
see invisible, speed 1, shaggy fur 1, sharp paws
a: no special abilities


You were on level 2 of the Dungeon.
You visited 1 branch of the dungeon, and saw 2 of its levels.

You collected 49 gold pieces.

Inventory:

Scrolls
 a - 4 scrolls of identify {unknown}
 d - a scroll of amnesia {unknown}
Potions
 b - a potion of heal wounds {unknown}
 c - a potion of ambrosia {unknown}


   Skills:
 - Level 2.6 Dodging
 - Level 2.6 Stealth
 - Level 2.0 Spellcasting
 - Level 2.0 Transmutations
 + Level 1.0 Air Magic
 + Level 3.4 Poison Magic


You had 3 spell levels left.
You knew the following spells:

 Your Spells              Type           Power        Failure   Level
a - Sting                 Tmut/Pois      40%          6%          1
b - Poisonous Vapours     Pois/Air       18%          12%         2

Your spell library contained the following spells:

 Spells                   Type           Power        Failure   Level
 Ignite Poison            Fire/Tmut/Pois 7%           28%         3
 Mephitic Cloud           Conj/Pois/Air  6%           32%         3
 Olgreb's Toxic Radiance  Pois           13%          43%         4


Dungeon Overview and Level Annotations

Branches:
Dungeon (2/15)

Altars:


Innate Abilities, Weirdness & Mutations

You cannot wear armour.
You are incapable of wielding weapons or throwing items.
Your paws allow you to move quietly. (Stealth)
You have sharp claws.
You have razor-sharp teeth.
You have supernaturally acute eyesight. (SInv)
You cover ground quickly.
You are covered in fur. (AC +1)
Your sharp claws are effective at attacking unaware monsters.


Message History

The adder is moderately wounded.
The adder bites you. The adder barely misses you.
Your magical contamination has completely faded away.
Casting: Sting (safe; 6% risk of failure)
Confirm with . or Enter, or press ? or * to list all spells.
Aiming: Sting (safe; 6% risk of failure)
Press: ? - help, Shift-Dir - straight line, f/p - adder
Aim: an adder (heavily wounded, poisoned, 47% to evade)
The sting hits the adder.
The adder looks even sicker.
The adder is heavily wounded.
The adder bites you.
* * * LOW HITPOINT WARNING * * *
You are lethally poisoned!
The adder poisons you!
It was a potion of flight.
You feel very buoyant.
You fly up into the air.
* * * LOW HITPOINT WARNING * * *
You feel sick. The adder bites you.
You die...

#.## #.##.# #....# #.
#..# ##.##.# #..### #..#
##...#.# ##..# ####
###≈.#.#.# #...#
.....≈....####.#.###
.≈.≈.≈..##......#...###
......≈##..########...###
#####≈.#....# ###...##
##.....@# ###..##
###..#S# ##..# ########.#
##.# ........†## #.##
#######...#### #...
#......# ##<. ###.##.#
#..... #.# .# #.###. ...
.. .. .


You could see an adder (very poisoned).

Vanquished Creatures
  5 dart slugs
  2 leopard geckos
  A bat (D:1)
  A giant cockroach (D:2)
  4 hobgoblins
  6 kobolds
  A frilled lizard (D:2)
  4 goblins
24 creatures vanquished.

Notes
Turn   | Place    | Note
-------+----------+-------------------------------------------
     0 | D:1      | inc the Felid Venom Mage began the quest for the Orb.
     0 | D:1      | Reached XP level 1. HP: 7/7 MP: 4/4
    86 | D:1      | Reached skill level 3 in Poison Magic
   231 | D:1      | Reached XP level 2. HP: 11/11 MP: 4/6
   606 | D:1      | Learned a level 2 spell: Poisonous Vapours
  1000 | D:2      | Reached XP level 3. HP: 14/14 MP: 0/7
  1128 | D:2      | Reached skill level 1 in Air Magic
  1357 | D:2      | Slain by an adder

Illustrated notes

Levels and vault maps discovered:
D:1:      tarquinn_simple_flora_water_e, layout_loops_ring
D:2:      layout_rooms, nicolae_ru_path_of_blood

Skill      XL: |  1  2  3 |
---------------+----------+-----
Poison Magic   | 3 |  3.4
Transmutations | 2 |  2.0
Air Magic      | 1 |  1.0
Dodging        | |  2.6
Stealth        | |  2.6
Spellcasting   | |  2.0

Action                   || total
-------------------------++-------
Melee: Unarmed           ||     7
 Cast: Sting             ||    28
       Poisonous Vapours ||     9
  Use: Potion            ||     1
Dodge: Dodged            ||    16
